 Dungeon Crawl Stone Soup version 0.29.1-15-g9cfb28693d (webtiles) character file.

Game seed: 18233699080579575463

18 Descartes the Grasshopper (level 2, -5/26 HPs)
             Began as a Naga Warper on Apr 8, 2023.
             Slain by Natasha (7 damage)
             ... on level 2 of the Dungeon.
             The game lasted 00:03:12 (1183 turns).

Descartes the Grasshopper (Naga Warper)             Turns: 1183, Time: 00:03:13

Health: -5/26      AC:  2    Str: 13    XL:     2   Next: 66%
Magic:  5/5        EV:  9    Int: 13    God:
Gold:   32         SH:  0    Dex: 10    Spells: 3/5 levels left

rFire   . . .      SeeInvis +   a - +0 spear
rCold   . . .      Faith    .   (no shield)
rNeg    . . .      Spirit   .   b - +0 leather armour
rPois   +          Reflect  .   (no helmet)
rElec   .          Harm     .   (no cloak)
rCorr   .          Rampage  .   (no gloves)
Will    .....                   (no barding)
Stlth   +.........              (no amulet)
HPRegen 0.08/turn               (no ring)
MPRegen 0.09/turn               (no ring)

@: slowed, very slow
A: AC +0, large, see invisible, deformed body, poison resistance, slowness 2,
spit poison 1, naga tail 1
a: Spit Poison


You were on level 2 of the Dungeon.
You visited 1 branch of the dungeon, and saw 2 of its levels.

You collected 32 gold pieces.

Inventory:

Hand Weapons
 a - a +0 spear (weapon)
 h - a +0 vampiric whip
Missiles
 d - 7 boomerangs of dispersal (quivered)
 f - 8 poisoned darts
Armour
 b - a +0 leather armour (worn)
Scrolls
 c - a scroll of blinking
 e - a scroll of immolation {unknown}
 g - a scroll of vulnerability {unknown}
 i - a scroll of identify {unknown}
Potions
 j - a potion of mutation {unknown}


   Skills:
 - Level 2.0 Fighting
 - Level 2.0 Polearms
 - Level 0.8 Throwing
 - Level 0.7 Armour
 - Level 1.5 Dodging
 + Level 2.4 Spellcasting
 + Level 3.4 Translocations
 + Level 0.5 Poison Magic


You had 3 spell levels left.
You knew the following spells:

 Your Spells              Type           Power      Damage    Failure   Level
a - Blink                 Tloc           20%        N/A       12%         2

Your spell library contained the following spells:

 Spells                   Type           Power      Damage    Failure   Level
 Apportation              Tloc           20%        N/A       8%          1
 Gell's Gravitas          Tloc           10%        N/A       22%         3
 Lesser Beckoning         Tloc           10%        N/A       22%         3
 Teleport Other           Tloc           10%        N/A       22%         3
 Manifold Assault         Tloc           10%        N/A       91%         5
 Alistair's Intoxication  Tmut/Pois      1%         N/A       100%        5


Dungeon Overview and Level Annotations

Branches:
Dungeon (2/15)

Altars:

Annotations:
D:2 Natasha


Innate Abilities, Weirdness & Mutations

Your serpentine skin is tough. (AC +0)
You have supernaturally acute eyesight. (SInv)
Armour fits poorly on your strangely shaped body.
Your system is resistant to poisons. (rPois)
You cover ground very slowly.
You can spit poison.
You have a snake-like lower body.


Message History

The splash of poison misses Natasha.
You can't do that yet.
Natasha casts a spell at you. You resist with significant effort.
Unknown command.
You have got your breath back.
You reach to attack!
You hit Natasha.
Natasha is lightly wounded.
You hit Natasha.
Natasha is moderately wounded.
Natasha claws you but does no damage.
You closely miss Natasha.
Natasha is moderately wounded.
Natasha claws you.
You barely miss Natasha.
Natasha is moderately wounded.
Natasha stares at you and mumbles some strange words.
You feel yourself slow down.
You closely miss Natasha.
Natasha is moderately wounded.
Natasha claws you but does no damage.
Natasha mumbles some strange words.
Natasha glows brightly for a moment.
Natasha closely misses you.
You hit Natasha.
Natasha is moderately wounded.
Natasha claws you.
You closely miss Natasha.
Natasha is moderately wounded.
Natasha completely misses you. Natasha closely misses you.
Unknown command.
You closely miss Natasha.
Natasha is moderately wounded.
Natasha claws you.
You barely miss Natasha.
Natasha is moderately wounded.
Natasha claws you!
* * * LOW HITPOINT WARNING * * *
Natasha claws you!
You die...

#####<######...##
#>...............
##.###.######...##
#...#### ##.## #...# #.#
#...# #.# #.### ##†##
#.# ##...## #@####
##.....# #h##.##
##.......
####.#...####........
...............'........
.######.#...####........
#.##.## ##.......
#..)÷.######.....#
#........####...##
#.###.#...####+##


You could see Natasha.

Vanquished Creatures
  A dart slug (D:1)
  An endoplasm (D:1)
  5 hobgoblins
  2 kobolds (D:1)
  2 quokkas (D:2)
  A ball python (D:1)
  A frilled lizard (D:1)
13 creatures vanquished.

Vanquished Creatures (others)
  3 demonic plants (D:2)
  A fungus (D:2)
  4 plants (D:2)
  2 withered plants (D:2)
10 creatures vanquished.

Grand Total: 23 creatures vanquished

Notes
Turn   | Place    | Note
-------+----------+-------------------------------------------
     0 | D:1      | Descartes the Naga Warper began the quest for the Orb.
     0 | D:1      | Reached XP level 1. HP: 19/19 MP: 3/3
   287 | D:1      | Reached XP level 2. HP: 18/26 MP: 5/5
   729 | D:2      | Learned a level 2 spell: Blink
  1097 | D:2      | Noticed Natasha
  1183 | D:2      | Slain by Natasha

Illustrated notes

Levels and vault maps discovered:
D:1:      psy_arrival_spokes, layout_basic
D:2:      layout_loops_corners, shapermc_ecumenical_altar_gd,
          minmay_statues_item, uniq_natasha

Action                   || total
-------------------------++-------
Melee: Spear             ||    47
 Abil: Spit Poison       ||    13
Armor: Leather armour    ||     7
Dodge: Dodged            ||    17
